 Dungeon Crawl Stone Soup version 0.29.1-13-g9f3cf754e1 (webtiles) character file.

Game seed: 13897001728301926253

56 Heoruswealwe the Grave Robber (level 3, 0/18 (19) HPs)
             Began as a Deep Elf Necromancer on Feb 9, 2023.
             Slain by a flying skull (1 damage)
             ... created by the anger of Yredelemnul
             ... on level 2 of the Dungeon.
             The game lasted 00:24:17 (2072 turns).

Heoruswealwe the Grave Robber (DENe)                Turns: 2072, Time: 00:24:17

HP:   0/18 (19)     AC:  2    Str:  5    XL:     3   Next: 71%
MP:   10/10         EV: 13    Int: 21    God:
Gold: 117           SH:  0    Dex: 21    Spells: 6/10 levels left

rFire   . . .      SeeInvis .   l - +0 dagger (elec)
rCold   . . .      Faith    .   (no shield)
rNeg    . . .      Spirit   .   a - +0 robe
rPois   .          Reflect  .   (no helmet)
rElec   .          Harm     .   (no cloak)
rCorr   .          Rampage  .   (no gloves)
Will    .....                   (no boots)
Stlth   +++.......              (no amulet)
HPRegen 0.06/turn               G - +6 ring of dexterity
MPRegen 0.12/turn               (no ring)

@: drained
A: no striking features
a: no special abilities


You were on level 2 of the Dungeon.
You visited 1 branch of the dungeon, and saw 3 of its levels.

You collected 117 gold pieces.

Inventory:

Hand Weapons
 h - a +0 dagger
 l - a +0 dagger of electrocution (weapon)
 n - a +0 club
 u - a +0 club
 w - a +0 mace
 x - a +0 short sword
 A - a +0 short sword
 C - a +0 dagger
 D - a +0 dagger
Missiles
 c - 33 stones
 d - 5 datura-tipped darts
 j - 5 boomerangs of dispersal
Armour
 a - a +0 robe (worn)
 e - a +0 scale mail
 f - a +0 ring mail
 o - a +0 robe
 q - a +0 robe
 r - a +0 robe
 y - a +0 ring mail
 B - a +0 chain mail
 E - a +0 scale mail
 F - a +0 scale mail
 H - an orb of guile
Jewellery
 G - a +6 ring of dexterity (left hand)
Scrolls
 g - a scroll of poison {unknown}
 i - 2 scrolls of fear {unknown}
 k - a scroll of identify {unknown}
 m - 3 scrolls of amnesia {unknown}
 p - a scroll of fog {unknown}
 s - a scroll of vulnerability {unknown}
 v - a scroll of silence {unknown}
Potions
 b - a potion of magic
 t - a potion of heal wounds {unknown}
 z - a potion of attraction {unknown}


   Skills:
 + Level 2.4 Dodging
 + Level 2.6 Stealth
 + Level 4.1 Spellcasting
 + Level 5.8 Necromancy


You had 6 spell levels left.
You knew the following spells:

 Your Spells              Type           Power      Damage    Failure   Level
a - Necrotise             Necr           100%       1d9       1%          1
b - Vampiric Draining     Necr           29%        2d8       3%          3

Your spell library contained the following spells:

 Spells                   Type           Power      Damage    Failure   Level
 Animate Dead             Necr           29%        N/A       11%         4
 Summon Small Mammal      Summ           16%        N/A       12%         1
 Poisonous Vapours        Pois/Air       8%         N/A       19%         2
 Agony                    Necr           29%        N/A       28%         5
 Call Canine Familiar     Summ           4%         N/A       34%         3
 Summon Guardian Golem    Hex/Summ       4%         N/A       34%         3
 Corpse Rot               Necr/Pois/Air  12%        N/A       45%         4


Dungeon Overview and Level Annotations

Branches:
Dungeon (3/15)

Altars:
Yredelemnul


Message History

Done exploring.
Search for what [Enter for "."]? .
You see here a dart slug corpse.
You see here a jackal corpse.
There is a stone staircase leading down here.
Okay, then.
You climb downwards.
Found a stone staircase leading down.
There is a stone staircase leading up here.
There is a stone staircase leading up here.
There is a stone staircase leading up here.
There is a stone staircase leading up here.
There is a stone staircase leading down here.
Found a scroll labelled ELYONU ENLIOWE.
i - 2 scrolls labelled ELYONU ENLIOWE (gained 1)
There is a stone staircase leading down here.
There is a stone staircase leading up here.
You climb upwards.
There is a stone staircase leading down here.
There is a stone staircase leading down here.
You climb downwards.
Found a book of Vapours.
There is a stone staircase leading up here.
You pick up a book of Vapours and begin reading...
You add the spells Poisonous Vapours and Corpse Rot to your library.
Okay, then.
There is a stone staircase leading up here.
You climb upwards.
There is a stone staircase leading down here.
Yredelemnul sends a servant to punish you.
A flying skull comes into view.
You miss the flying skull. The flying skull closely misses you.
You hit the flying skull but do no damage.
The flying skull hits you!
Ouch! That really hurt!
The flying skull hits you.
* * * LOW HITPOINT WARNING * * *
You hit the flying skull but do no damage.
The flying skull hits you.
You die...

#......# #...# #.####..##
#.#.#..# #...# ##.####..##
#.#.#..# #...# #........##
#...#..########...#####..##.#.#.#
#.#.#..#.................##..#.#.
....#.........................###
#......#.................#.##..#.
..........#####...#####.##.##...#
#.#.#####.# #.@z# #.........#
#.#.#####.# #...# ####......#
.......##.# #...# #####.##
.##.##.##.# #...# ##.###...
.##.##.##.#####...### ##.#.#####
...........##.......# ##.###.##
...†...##..##.......###.## ##.##
.###.##................## ##.# .#
#.##.............#.#.## ##.##


You could see a flying skull.

Vanquished Creatures
  2 adders (D:2)
  A dart slug (D:2)
  2 endoplasms
  2 giant cockroaches
  4 goblins
  2 hobgoblins
  7 jackals
  3 quokkas (D:2)
  4 ball pythons
  3 frilled lizards
  4 rats (D:1)
34 creatures vanquished.

Vanquished Creatures (others)
  8 fungi (D:2)
  7 plants (D:2)
15 creatures vanquished.

Grand Total: 49 creatures vanquished

Notes
Turn   | Place    | Note
-------+----------+-------------------------------------------
     0 | D:1      | Heoruswealwe the Deep Elf Necromancer began the quest for
                  | the Orb.
     0 | D:1      | Reached XP level 1. HP: 10/10 MP: 6/6
   176 | D:1      | Reached skill level 5 in Necromancy
   459 | D:1      | Reached XP level 2. HP: 15/15 MP: 5/8
  1089 | D:2      | Reached XP level 3. HP: 19/19 MP: 6/10
  1111 | D:2      | Learned a level 3 spell: Vampiric Draining
  1130 | D:2      | Found a faded altar of an unknown god.
  1230 | D:2      | Prayed at the altar of an unknown god.
  1230 | D:2      | Became a worshipper of Yredelemnul the Dark
  1230 | D:2      | Reached * piety under Yredelemnul
  1251 | D:2      | Fell from the grace of Yredelemnul
  2069 | D:2      | Noticed a flying skull
  2072 | D:2      | Slain by a flying skull

Illustrated notes

Levels and vault maps discovered:
D:1:      evilmike_arrival_rings, layout_rooms, serial_corexii_hall,
          corexii_hall_statues_x, corexii_hall_statues_x
D:2:      layout_loops_cross, shapermc_ecumenical_altar_mp_urbaneastern,
          patterned_corridor
D:3:      layout_loops_corners, mainiacjoe_overflow_paths,
          gammafunk_temple_overflow_statue, serial_shops,
          nicolae_shop_statue_plus, minmay_misc_feat_five, uniq_grinder

Skill      XL: |  1  2  3 |
---------------+----------+-----
Necromancy     | 5 |  5.8
Spellcasting   | 4 |  4.1
Dodging        | |  2.4
Stealth        | |  2.6

Action                   || total
-------------------------++-------
Melee: Dagger            ||    67
       Punch             ||     1
 Cast: Necrotise         ||    41
       Vampiric Draining ||     5
Invok: Renounce Religion ||     1
Dodge: Dodged            ||     7
